[Event "Early-Titled-Tuesday-Blitz-April-02-2024"]
[Site "Chess.com"]
[Date "2024.04.02"]
[Round "5"]
[White "KATPAH"]
[Black "stollenmonster"]
[Result "0-1"]
[WhiteElo "2673"]
[BlackElo "2913"]
[TimeControl "180+1"]
[EndTime "8:56:20 PDT"]
[Termination "stollenmonster won by checkmate"]

1. b3 Nf6 2. Bb2 e6 3. e3 Be7 4. Nf3 O-O 5. d4 d5 6. Be2 Ne4 7. O-O f5 8. c4 c6 9. Nc3 Bd7 10. Ne5 Be8 11. f3 Nxc3 12. Bxc3 Nd7 13. Nd3 g5 14. Bb4 Bxb4 15. Nxb4 Qe7 16. Nd3 f4 17. e4 dxe4 18. fxe4 e5 19. d5 Bg6 20. Bf3 Rad8 21. Qe1 Nf6 22. h3 cxd5 23. cxd5 Nxd5 24. exd5 Bxd3 25.
Be4 Bxe4 26. Qxe4 Qc5+ 27. Kh2 Qxd5 28. Qa4 e4 29. Rad1 Qe5 30. Qxa7 e3 31. Rxd8 Rxd8 32.
Kh1 Qe4 33. Qa5 Qd5 34. Qb6 Rc8 35. Qf6 Rc2 36. Rg1 Rc6 37. Qb2 g4 38. Qe2 Rg6 39.
Rd1 f3 40. Qe1 Qe6 41. Rd8+ Kf7 42. Qc3 e2 43. Qc7+ Kf6 44. Rf8+ Kg5 45. h4+ Kh5 46. Qxh7+ Rh6 47. Rf5+ Kxh4 48. Qg7 e1=Q+ 49. Kh2 Qg3+ 50. Kg1 Qe3+ 51. Kh1 Qc1# 0-1

[Event "Early-Titled-Tuesday-Blitz-April-02-2024"]
[Site "Chess.com"]
[Date "2024.04.02"]
[Round "5"]
[White "SaiAgni_98"]
[Black "Kildepiotr"]
[Result "1-0"]
[WhiteElo "2531"]
[BlackElo "2749"]
[TimeControl "180+1"]
[EndTime "8:56:20 PDT"]
[Termination "SaiAgni_98 won by resignation"]

1. c4 g6 2. g3 Bg7 3. Bg2 Nc6 4. Nc3 d6 5. Rb1 a5 6. Nf3 e5 7. d3 f5 8. O-O Nf6 9. Bg5 h6 10. Bxf6 Qxf6 11. Nd5 Qf7 12. a3 Be6 13. Nd2 O-O 14.
b4 axb4 15. axb4 Nd8 16. b5 Ra2 17. Nb4 Ra7 18. Ra1 Rxa1 19. Qxa1 e4 20. Qa7 exd3 21. Nxd3 Bxc4 22. Nxc4 Qxc4 23. Bxb7 Qxb5 24. Bf3 Qd7 25.
Rc1 Ne6 26. Bd5 Kh8 27. Bxe6 Qxe6 28. Rxc7 Qf6 29. Nf4 Re8 30. h4 g5 31. hxg5 hxg5 32. Nh5 Qa1+ 33. Qxa1 Bxa1 34. e3 Kg8 35. Kg2 Kf8 36.
Rd7 Be5 37. f4 gxf4 38. exf4 Bd4 39. Rxd6 Re2+ 40. Kh3 Bg1 41. Rf6+ Ke7 42. Rxf5 Ke6 43.
Kg4 Bd4 44. Rb5 Re3 45. Kg5 Kd6 46. g4 Re8 47. f5 Be3+ 48. Kg6 Rg8+ 49. Ng7 Bd4 50.
f6 Rf8 51. g5 Kc6 52. Rb1 Ra8 53. Rd1 Be5 54. Kf5 Ra5 55. Ke6 Bf4 56. g6 Re5+ 57.
Kf7 Bg5 58. Ne6 Bh4 59. g7 1-0

[Event "Early-Titled-Tuesday-Blitz-April-02-2024"]
[Site "Chess.com"]
[Date "2024.04.02"]
[Round "5"]
[White "Harry_Rakkel"]
[Black "PIwan"]
[Result "1-0"]
[WhiteElo "2732"]
[BlackElo "2444"]
[TimeControl "180+1"]
[EndTime "8:56:22 PDT"]
[Termination "Harry_Rakkel won by checkmate"]

1. c4 e6 2. g3 d5 3. Bg2 f5 4.
Nf3 Nf6 5. O-O Bd6 6. b3 O-O 7. Bb2 dxc4 8. bxc4 c5 9. d3 Nc6 10. Nbd2 e5 11. Rb1 Qe7 12. Nh4 e4 13. dxe4 f4 14. Ba1 Kh8 15. Qb3 Ng4 16. h3 fxg3 17. fxg3 Rxf1+ 18. Rxf1 Nge5 19. Nf5 Bxf5 20. exf5 Rf8 21. Ne4 Bb8 22. e3 b6 23. Qc3 Nb4 24. a3 Nbd3 25. g4 Qc7 26. Rd1 Rd8 27. g5 Kg8 28. f6 g6 29. Nf2 Nf3+ 30. Kf1 Qh2 31. f7+ Kxf7 32.
Qf6+ Ke8 33. Qxf3 Nxf2 34. Rxd8+ Kxd8 35. Qxf2 Be5 36. Qf8+ Kd7 37. Qf7+ Kd8 38. Qg8+ Kd7 39. Qxh7+ Ke6 40. Qxg6+ Ke7 41. Qh7+ Ke6 42. Qg8+ Ke7 43. Qc8 Bxa1 44. Qb7+ Kf8 45. Qa8+ Kg7 46. Qxa7+ Kf8 47.
Qa8+ Kg7 48. Qb7+ Kf8 49. g6 Qe5 50. Qf7# 1-0

[Event "Early-Titled-Tuesday-Blitz-April-02-2024"]
[Site "Chess.com"]
[Date "2024.04.02"]
[Round "5"]
[White "nikitakhoroshev"]
[Black "Kopytkin"]
[Result "1-0"]
[WhiteElo "2584"]
[BlackElo "2407"]
[TimeControl "180+1"]
[EndTime "8:56:22 PDT"]
[Termination "nikitakhoroshev won on time"]

1. e4 Nf6 2. e5 Nd5 3. d4 d6 4. Nf3 g6 5. Bc4 Nb6 6. Bb3 d5 7. h3 Bg7 8. O-O Nc6 9. c3 f6 10. exf6 exf6 11. Re1+ Kf7 12. Bf4 Be6 13. Nbd2 Qd7 14.
Nf1 Nc4 15. Rb1 Rhe8 16. Ng3 b5 17. Bc2 Re7 18. Qc1 Rae8 19. b3 Nd6 20. Bh6 Nf5 21. Nxf5 Bxf5 22. Rxe7+ Rxe7 23. Bxg7 Kxg7 24. Qd2 Be4 25. Ne1 Qf5 26. f3 Bxc2 27. Nxc2 a6 28. Rf1 Nd8 29. Ne3 Qe6 30. Re1 Nf7 31. Kf2 Nd6 32. Nxd5 Qxe1+ 33. Qxe1 Rxe1 34. Kxe1 Ne8 35. Nb4 a5 36. Nc6 a4 37. bxa4 bxa4 38. Kd2 Kf7 39.
Kd3 Ke6 40. c4 Kd6 41. Nb4 c5 42. Nc2 Nc7 43. d5 Na6 44. a3 Nb8 45. Ne3 Nd7 46. Nd1 Ne5+ 47. Kc3 g5 48. Nb2 Ng6 49. g3 Ne5 50. f4 gxf4 51. gxf4 Ng6 52. Nd3 f5 53. Kd2 Ke7 54. Ke3 Kd6 55. Nb2 Nh4 56. Kf2 Ng6 57.
Kg3 Ne7 58. Nxa4 Ng8 59. Nc3 Nf6 60. Kf3 Kc7 61. Nb5+ Kb6 62. Nd6 1-0

[Event "Early-Titled-Tuesday-Blitz-April-02-2024"]
[Site "Chess.com"]
[Date "2024.04.02"]
[Round "5"]
[White "Kunalm64"]
[Black "Christ_is_alive"]
[Result "1-0"]
[WhiteElo "2625"]
[BlackElo "2339"]
[TimeControl "180+1"]
[EndTime "8:56:22 PDT"]
[Termination "Kunalm64 won on time"]

1. e4 c5 2. Nf3 Nc6 3. Bb5 g6 4. O-O Bg7 5. Bxc6 dxc6 6. d3 Nf6 7. h3 e5 8. Nxe5 O-O 9. Nf3 c4 10. e5 Nd7 11. d4 Nb6 12. Nc3 Bf5 13. Re1 Nd5 14. Ne4 Qb6 15. c3 Rad8 16. Nd6 Bd3 17. Qd2 Qc7 18. b3 b5 19. bxc4 bxc4 20. a4 Qa5 21. Bb2 Rb8 22. Rec1 Rb3 23. Ne1 Rfb8 24. Nxd3 cxd3 25. Ra2 Qa6 26. Ne4 Qb6 27. Ba1 Rb1 28. Kh2 Qb3 29. Rxb1 Qxb1 30. Rb2 Rxb2 31. Qxb2 Qxb2 32.
Bxb2 Nb6 33. Nd2 Nxa4 34. Ba1 Bf8 35. Kg3 Ba3 36. Kf3 Bb2 37. Bxb2 Nxb2 38. Ke4 Kg7 39. f4 a5 40. d5 cxd5+ 41. Kxd5 a4 42. f5 a3 43. e6 fxe6+ 44. fxe6 Kf8 45. Kd6 a2 46. e7+ Ke8 47. Ne4 Nc4+ 48. Ke6 1-0

[Event "Early-Titled-Tuesday-Blitz-April-02-2024"]
[Site "Chess.com"]
[Date "2024.04.02"]
[Round "5"]
[White "Alen_Yeremyann"]
[Black "joksijoksi"]
[Result "1/2-1/2"]
[WhiteElo "2816"]
[BlackElo "2537"]
[TimeControl "180+1"]
[EndTime "8:56:24 PDT"]
[Termination "Game drawn by repetition"]

1. e4 c5 2. Nc3 Nc6 3. Bb5 Nd4 4.
Bc4 e6 5. Nge2 a6 6. a4 Ne7 7. O-O Nec6 8. d3 Be7 9. Nxd4 Nxd4 10. e5 d5 11. exd6 Bxd6 12. Ne4 Be7 13. c3 Nf5 14. Bf4 O-O 15. Qf3 Bd7 16. a5 Bc6 17. Qe2 Qd7 18.
h3 Rac8 19. Rad1 Rfd8 20. Ng5 Bxg5 21. Bxg5 Re8 22. Rfe1 Qc7 23. Qg4 Qxa5 24. Bf6 Kh8 25. Be5 Qd8 26. d4 cxd4 27. Rxd4 Qe7 28. Rd2 Rg8 29.
Bh2 Qc5 30. Re5 Qb6 31. Bd3 Rcd8 32. Rxf5 exf5 33. Qxf5 Rxd3 34. Qxd3 Re8 35. Bf4 Qb3 36. Kh2 Qe6 37. Qg3 a5 38. h4 a4 39. h5 h6 40. Be3 Qf5 41. Rd4 Re4 42. Rxe4 Bxe4 43.
Qh4 Kh7 44. Bd4 Bd5 45. f3 f6 46. Qh3 Qg5 47. Qg4 Qxg4 48. fxg4 Kg8 49. Kg3 Kf7 50. Kf4 Bxg2 51. Bc5 Ke6 52. Ba3 Bf1 53. Bb4 Be2 54.
Ba3 Bd1 55. Bb4 b5 56. Ba3 Bb3 57. Bb4 Bc4 58. Bc5 Bb3 59. Ba3 Bd1 60. Bb4 Be2 61.
Bc5 Bd1 62. Be3 Be2 63. Bc5 Bd1 64. Ba3 Kf7 65. Bb4 Ke6 66. Ba3 1/2-1/2

[Event "Early-Titled-Tuesday-Blitz-April-02-2024"]
[Site "Chess.com"]
[Date "2024.04.02"]
[Round "5"]
[White "DanylaBagrov"]
[Black "GolfBeforeChess"]
[Result "1/2-1/2"]
[WhiteElo "2504"]
[BlackElo "2314"]
[TimeControl "180+1"]
[EndTime "8:56:24 PDT"]
[Termination "Game drawn - insufficient material"]

1. d4 Nf6 2. Bf4 c5 3. e3 b6 4. h3 g6 5. Nf3 Bg7 6. c3 Bb7 7. Bd3 O-O 8. Nbd2 d6 9. O-O Re8 10. a4 a6 11. Bh2 Nbd7 12. Qe2 e5 13. dxe5 Nxe5 14. Bxe5 dxe5 15. e4 Nh5 16. g3 Qd7 17.
Kh2 Red8 18. Bc2 Qc7 19. Rfd1 Rd7 20. Nc4 Rad8 21. Rxd7 Rxd7 22. Rd1 Rxd1 23. Qxd1 b5 24. axb5 axb5 25. Ne3 Nf6 26. Nd5 Bxd5 27. exd5 e4 28. d6 Qd7 29. Ne5 Qe6 30. d7 Nxd7 31. Nxd7 e3 32.
fxe3 Qxe3 33. Kg2 h5 34. Qf3 Qd2+ 35. Qf2 Qxd7 36. Qxc5 Qd2+ 37. Qf2 Qd5+ 38. Qf3 Qd2+ 39. Qf2 Qd5+ 40. Kh2 Qe5 41. Bb3 Bf6 42. Kg2 Qe4+ 43.
Qf3 Qe5 44. Qf2 Kg7 45. Bd1 b4 46. cxb4 Qxb2 47. Qxb2 Bxb2 48. b5 Bd4 49. Kf3 Kf6 50. Ke4 Bb6 51. Kd5 Kf5 52. Kc6 Bf2 53. g4+ hxg4 54. hxg4+ Kg5 55. b6 Bxb6 56. Kxb6 f5 57. gxf5 gxf5 58. Kc5 f4 59. Kd4 f3 60. Bxf3 1/2-1/2

[Event "Early-Titled-Tuesday-Blitz-April-02-2024"]
[Site "Chess.com"]
[Date "2024.04.02"]
[Round "5"]
[White "Mikhail_Golubev"]
[Black "Lucky_Puncher"]
[Result "1/2-1/2"]
[WhiteElo "2617"]
[BlackElo "2501"]
[TimeControl "180+1"]
[EndTime "8:56:25 PDT"]
[Termination "Game drawn - insufficient material"]

1. e4 c5 2. Nf3 d6 3. d4 cxd4 4. Nxd4 Nf6 5. Nc3 a6 6. Bc4 e6 7. O-O Be7 8. Bb3 b5 9. Qf3 O-O 10. e5 Nd5 11. Nxd5 exd5 12. Bxd5 Ra7 13. e6 fxe6 14. Nxe6 Bxe6 15. Bxe6+ Kh8 16. Qh3 Bf6 17. Bf5 h6 18. Qh5 Qe8 19. Qxe8 Rxe8 20. Be3 Rc7 21. c3 Nc6 22. Rad1 Be5 23. g3 b4 24. cxb4 Nxb4 25. a3 Nc2 26. Bb6 Rb7 27. Bxc2 Rxb6 28. b4 Ra8 29.
Be4 Rf8 30. Rd3 g5 31. Rc1 Rf7 32. Kg2 Kg7 33. Bd5 Ra7 34. Rc8 a5 35. bxa5 Rb2 36. Rf3 Rd2 37. Bc4 d5 38. Rd8 Rxa5 39.
Rf5 Bf6 40. Rfxd5 Rdxd5 41. Rxd5 Rxa3 42. Rd7+ Kh8 43. Kh3 Ra4 44. Bf7 Rb4 45. Bg6 Rd4 46. Rxd4 Bxd4 47. f3 Kg7 48. Bf5 Bc3 49. Be4 Bd4 50. Kg4 Be5 51. h4 gxh4 52. Kxh4 Bf6+ 53. Kg4 Be7 54. f4 Kf6 55. Kf3 Kg7 56. g4 Bf6 57. g5 hxg5 58. fxg5 Bxg5 1/2-1/2

[Event "Early-Titled-Tuesday-Blitz-April-02-2024"]
[Site "Chess.com"]
[Date "2024.04.02"]
[Round "5"]
[White "ricaurtelopezj1955"]
[Black "N_I_Chess"]
[Result "0-1"]
[WhiteElo "2159"]
[BlackElo "2376"]
[TimeControl "180+1"]
[EndTime "8:56:28 PDT"]
[Termination "N_I_Chess won on time"]

1. e4 Nf6 2. e5 Nd5 3. d4 d6 4. Nf3 g6 5. c4 Nb6 6. Nc3 Bg7 7. Bf4 O-O 8. Be2 Nc6 9. O-O Bg4 10. exd6 cxd6 11. d5 Bxf3 12. Bxf3 Ne5 13. Bxe5 Bxe5 14.
Qd3 Bg7 15. Rac1 Nd7 16. b4 Ne5 17. Qe2 Rc8 18. Nb5 Nxf3+ 19. Qxf3 a6 20. Na3 Qd7 21. Qb3 Rc7 22. Rc2 Rfc8 23. Rfc1 h5 24. h3 Bh6 25. Rd1 Qf5 26. Re2 Bg7 27. Rd3 Qf4 28. g3 Qf5 29.
Kg2 Qf6 30. Rf3 Qa1 31. c5 dxc5 32. bxc5 Rxc5 33. d6 Rc1 34. Qxf7+ Kh7 35. Rd3 Rg1+ 36. Kf3 exd6 37. Re8 Rxe8 38. Qxe8 Qf6+ 39. Ke2 Qb2+ 40. Kf3 Qf6+ 41. Ke2 Ra1 42. Nc4 Rxa2+ 43. Nd2 Qe5+ 44.
Qxe5 dxe5 45. Rd7 Kg8 46. Kd3 b5 47. Ne4 Ra3+ 48. Ke2 Ra2+ 49. Kd3 Ra3+ 50. Ke2 a5 51. Ng5 Ra2+ 52. Kf3 b4 0-1

[Event "Early-Titled-Tuesday-Blitz-April-02-2024"]
[Site "Chess.com"]
[Date "2024.04.02"]
[Round "5"]
[White "Zhani-Z"]
[Black "Itay121"]
[Result "0-1"]
[WhiteElo "2335"]
[BlackElo "2534"]
[TimeControl "180+1"]
[EndTime "8:56:29 PDT"]
[Termination "Itay121 won by resignation"]

1. e4 e5 2. Nf3 d5 3. exd5 Nf6 4.
Nxe5 Qxd5 5. d4 Nc6 6. Nf3 Bg4 7.
Be2 O-O-O 8. Be3 Bd6 9. Nbd2 Rhe8 10. c3 Qh5 11. Qa4 Nd5 12. O-O-O Nxe3 13. fxe3 Rxe3 14. Bb5 Qd5 15. h3 Bf5 16. Bc4 Qa5 17. Qb3 Bg6 18. Rde1 Rde8 19. Bxf7 Nxd4 20. Rxe3 Nxb3+ 21. Nxb3 Rxe3 22. Nxa5 Bxf7 23. Nc4 Bxc4 24. Rd1 Bf4 25. Kc2 Re2+ 26. Kb1 b6 27. Rd4 Rxg2 28. Rxc4 Bd6 29. h4 Rg3 30. Ng5 h6 31. Ne4 Rg1+ 32. Kc2 Kd7 33. Nxd6 Kxd6 34. Rf4 Rg2+ 35. Kb3 g5 36. hxg5 hxg5 37. Rf7 Kc6 38. a4 a5 39. Rg7 g4 40. Rg5 g3 41.
Rg4 Rg1 42. Kc4 Kd6 43. Rg6+ Ke5 44. Rg7 Kf4 45. Rxc7 Rh1 46. Rf7+ Ke3 47. Rg7 Rh4+ 48. Kb5 Kf3 49. Rxg3+ Kxg3 50. Kxb6 Rxa4 51. b3 Ra3 52. c4 Rxb3+ 53. Kxa5 Kf4 54. c5 Ke5 55. c6 Kd6 0-1

[Event "Early-Titled-Tuesday-Blitz-April-02-2024"]
[Site "Chess.com"]
[Date "2024.04.02"]
[Round "5"]
[White "schachlana"]
[Black "Alenzer"]
[Result "0-1"]
[WhiteElo "2358"]
[BlackElo "2205"]
[TimeControl "180+1"]
[EndTime "8:56:30 PDT"]
[Termination "Alenzer won by resignation"]

1. d4 d5 2. Nf3 Nf6 3. g3 c5 4. Bg2 Nc6 5. O-O Bf5 6. c4 e6 7.
Nc3 a6 8. cxd5 exd5 9. dxc5 Bxc5 10. Na4 Ba7 11. Bg5 Be4 12. Nc3 O-O 13. Rc1 h6 14. Bxf6 Qxf6 15. Nxd5 Qxb2 16. Nc3 Bg6 17. Nh4 Rfd8 18.
Qa4 b5 19. Qf4 Rac8 20. Nxg6 fxg6 21. Nd5 Kh7 22. Qf7 Bd4 23. Be4 Ne5 24. Qe7 Rxc1 25.
Qxd8 Rxf1+ 26. Kxf1 Qc1+ 27. Kg2 Qe1 28. Qf8 Qxe2 29.
Ne7 Qxe4+ 30. Kh3 Qg4+ 31. Kg2 Qe4+ 32. Kf1 Qh1+ 33. Ke2 Qe4+ 34. Kd2 Nc4+ 35. Kd1 Qd3+ 36. Ke1 Qd2+ 37. Kf1 Qd1+ 38. Kg2 Ne3+ 39. fxe3 Qe2+ 40. Qf2 Qd3 41. exd4 Qe4+ 42. Kg1 Qxe7 43. Qd2 Qd6 44.
d5 Qc5+ 45. Kg2 Qd6 46. Qd4 Qa3 47. d6 Qxa2+ 48. Kg1 Qb1+ 49. Kg2 Qc2+ 50. Kh3 Qf5+ 51. Kg2 Qc2+ 52. Qf2 Qc6+ 53. Kg1 Qxd6 54. Qf6 Qxf6 0-1

[Event "Early-Titled-Tuesday-Blitz-April-02-2024"]
[Site "Chess.com"]
[Date "2024.04.02"]
[Round "5"]
[White "Sanan_Sjugirov"]
[Black "Rutricks"]
[Result "1-0"]
[WhiteElo "2986"]
[BlackElo "2706"]
[TimeControl "180+1"]
[EndTime "8:56:31 PDT"]
[Termination "Sanan_Sjugirov won by resignation"]

1. d4 Nf6 2. c4 g6 3. Nc3 Bg7 4. e4 d6 5. h3 Nbd7 6. Be3 e5 7.
d5 a5 8. Bd3 Nc5 9. Bc2 Bd7 10.
Nge2 b6 11. b3 Nh5 12. Qd2 h6 13. a3 Nf4 14. Nxf4 exf4 15. Bd4 Bxd4 16. Qxd4 O-O 17.
O-O Qg5 18. Kh2 f3 19. Rg1 fxg2 20. Rxg2 Qf4+ 21. Rg3 Rae8 22. Qe3 Qxe3 23. Rxe3 f5 24.
Rg1 Kh7 25. Reg3 Nxe4 26. Rxg6 Rf7 27. Nxe4 fxe4 28. R6g2 Ree7 29. Re1 Rf4 30. f3 Bf5 31. Rf2 e3 32. Kg3 Bxc2 33. Rxc2 Rf6 34. f4 Re4 35. Rce2 Rfxf4 36. Rxe3 Rxe3+ 37. Rxe3 Rf7 38. b4 axb4 39. axb4 Kg6 40. Re6+ Kg7 41. Kg4 Rf6 42. Re7+ Rf7 43. Rxf7+ Kxf7 44. Kf5 b5 45. cxb5 h5 46. h4 Kg7 47.
Kg5 Kh7 48. Kxh5 Kg7 49. Kg5 Kh7 50. h5 Kg7 51. h6+ Kf7 52. Kf5 Kg8 53. Ke6 Kh7 54. Kd7 c5 55. bxc6 1-0

[Event "Early-Titled-Tuesday-Blitz-April-02-2024"]
[Site "Chess.com"]
[Date "2024.04.02"]
[Round "5"]
[White "SaqoChess_Twitch"]
[Black "Zhigalko_Sergei"]
[Result "1/2-1/2"]
[WhiteElo "2689"]
[BlackElo "2880"]
[TimeControl "180+1"]
[EndTime "8:56:32 PDT"]
[Termination "Game drawn by repetition"]

1. d4 Nf6 2. c4 e6 3. Nc3 Bb4 4.
e3 O-O 5. a3 Bxc3+ 6. bxc3 c5 7.
Bd3 Nc6 8. Ne2 b6 9. O-O Ba6 10. e4 Ne8 11. f4 f5 12. exf5 exf5 13. dxc5 bxc5 14. Be3 d6 15. Ng3 g6 16. Re1 Rf7 17. Bf2 Nf6 18. Nf1 Qa5 19. Qc2 Rb8 20. Ne3 Qc7 21.
Nd5 Qd7 22. Qa4 Nxd5 23. cxd5 Bxd3 24. dxc6 Qc7 25. Rad1 Bb5 26. Qb3 Be2 27. Qxb8+ Qxb8 28. Rxe2 Qc7 29. Re6 Qxc6 30. Rexd6 Qc7 31. R1d5 Kg7 32. Bxc5 Re7 33. h3 Kh6 34. g4 Re1+ 35. Kf2 Qe7 36. Rxg6+ hxg6 37. Bxe7 Rxe7 38. gxf5 gxf5 39. Rxf5 Rb7 40.
Ra5 Rc7 41. Kg3 Rxc3+ 42. Kg4 Rc7 43. Ra6+ Kg7 44. h4 Kf7 45. h5 Rb7 46. Kg5 Kg7 47.
f5 Kh7 48. h6 Rc7 49. Rd6 Rb7 50. Re6 Rc7 51. Rg6 a6 52. Rg7+ Rxg7+ 53. hxg7 Kxg7 54. f6+ Kf7 55. Kf5 a5 56. Ke5 a4 57. Kf5 Kf8 58.
Ke6 Ke8 59. Kd6 Kf7 60. Kc5 Kxf6 61. Kb4 Ke7 62. Kxa4 Kd8 63. Kb5 Kc8 64. Kb6 Kb8 65. Ka6 Ka8 66. Kb6 Kb8 67. Ka6 Ka8 68. Kb6 Kb8 1/2-1/2

[Event "Early-Titled-Tuesday-Blitz-April-02-2024"]
[Site "Chess.com"]
[Date "2024.04.02"]
[Round "5"]
[White "CSB7"]
[Black "Predator0608"]
[Result "1-0"]
[WhiteElo "2778"]
[BlackElo "2564"]
[TimeControl "180+1"]
[EndTime "8:56:33 PDT"]
[Termination "CSB7 won by resignation"]

1. c4 e6 2. g3 d5 3. Bg2 Nf6 4. d4 Bb4+ 5. Bd2 Be7 6. Nf3 O-O 7. O-O c6 8. Qb3 b6 9. Rc1 a5 10. cxd5 cxd5 11. Nc3 Ba6 12. Nb5 Ne4 13. Bf4 Nd7 14.
Nc7 Ra7 15. Nxa6 Rxa6 16. Bc7 Qe8 17. e3 Ndf6 18. Bf1 Ra7 19. Bb5 Qa8 20. Bc6 Qc8 21. Bxb6 Qb8 22. Bxa7 Qxa7 23. Qb7 Qxb7 24. Bxb7 Nd6 25.
Ba6 Rb8 26. b3 Nfe4 27. Rc2 f6 28. Nd2 Rb6 29. Nxe4 Nxe4 30. Bd3 Nd6 31. Rac1 g6 32. Rc6 Rb7 33. Rc7 Rxc7 34. Rxc7 Kf7 35. Ra7 e5 36. Rxa5 e4 37. Bb5 Ke6 38. Bc6 Bd8 39. Bxd5+ Ke7 40. Ra7+ Ke8 41. Rxh7 Be7 42. Rg7 Kd7 43.
Rxg6 Kc7 44. Rg7 Kd7 45. h4 Ne8 46. Rh7 f5 47. h5 Nf6 48. Rh8 Nxd5 49. h6 Nf6 50. h7 Ke6 51. a4 Kf7 52. a5 Kg7 53. a6 Kxh8 54. a7 Kxh7 55. a8=Q Kg7 56. Qb7 Kf7 57.
b4 Ne8 58. b5 Nd6 59. Qd5+ Kf6 60. b6 Nc8 61. Qc6+ Nd6 62. b7 Kf7 63. b8=Q 1-0

[Event "Early-Titled-Tuesday-Blitz-April-02-2024"]
[Site "Chess.com"]
[Date "2024.04.02"]
[Round "5"]
[White "ValentinDragnev"]
[Black "guillembaches"]
[Result "1-0"]
[WhiteElo "2727"]
[BlackElo "2556"]
[TimeControl "180+1"]
[EndTime "8:56:33 PDT"]
[Termination "ValentinDragnev won on time"]

1. d4 d5 2. c4 e6 3. Nf3 Nf6 4.
g3 h6 5. Bg2 Bd6 6. O-O O-O 7.
Qc2 b6 8. Rd1 Bb7 9. b3 Nbd7 10. Bb2 c5 11. dxc5 bxc5 12. cxd5 exd5 13. Nbd2 Re8 14. Nc4 Bf8 15. Nce5 Nxe5 16. Nxe5 Qb6 17. Rac1 a5 18. Nd3 Rac8 19. Bxf6 Qxf6 20. Nf4 Ba6 21.
Nxd5 Qe5 22. e3 c4 23. Nb6 cxb3 24. Qxb3 Rxc1 25. Rxc1 Rd8 26. Bd5 Kh8 27. Bxf7 Bc5 28. Nd5 Rf8 29. Rxc5 Rxf7 30. Qc3 Qb8 31. Nf4 Qb1+ 32.
Qc1 Qb7 33. Rd5 Kh7 34. Qc2+ Kg8 35. Rd8+ Rf8 36. Rxf8+ Kxf8 37. Ne6+ Kg8 38. Nc5 Qc7 39. Qb3+ Kh7 40. Qb1+ Kg8 41. Nxa6 Qc6 42. Qb8+ Kh7 43. Qb1+ Kg8 44. Nb8 Qf3 45. Nd7 Kh8 46. Qb8+ Kh7 47. Nf8+ Kg8 48. Ne6+ Kh7 49. Qb1+ Kg8 50. Nd4 Qe2 51.
Nxe2 1-0

[Event "Early-Titled-Tuesday-Blitz-April-02-2024"]
[Site "Chess.com"]
[Date "2024.04.02"]
[Round "5"]
[White "ChempionBg"]
[Black "esrosenberg"]
[Result "1-0"]
[WhiteElo "2301"]
[BlackElo "2485"]
[TimeControl "180+1"]
[EndTime "8:56:33 PDT"]
[Termination "ChempionBg won by resignation"]

1. d4 d5 2. c4 e6 3. Nf3 a6 4. g3 dxc4 5. Bg2 Nc6 6. O-O Rb8 7. Qc2 b5 8. Rd1 Bb7 9. e4 Nb4 10. Qe2 Nd3 11. Be3 Bxe4 12. Nc3 Ba8 13. d5 Nf6 14. dxe6 fxe6 15. Ba7 Rc8 16. Qxe6+ Be7 17. Ne5 Rf8 18.
Bh3 Bb7 19. Nc6 Bxc6 20. Qxc6+ Kf7 21. Qe6+ Kg6 22. Bf5+ Kh6 23. Be3+ g5 24. h4 Qd6 25. hxg5+ Kg7 26. gxf6+ Bxf6 27. Qxd6 cxd6 28. Bxc8 Rxc8 29. Rd2 Nxb2 30. Bd4 Bxd4 31. Rxd4 b4 32. Ne4 c3 33.
Rc1 a5 34. Nxd6 Rc6 35. Ne4 Nc4 36. Rc2 Nb6 37. Rd6 Rxd6 38. Nxd6 Nd5 39. Nf5+ Kf6 40.
Ne3 Nxe3 41. fxe3 Ke5 42. Kf2 Kd5 43. Ke2 Kc4 44. e4 a4 45. e5 Kd5 46. Kd3 Kxe5 47.
Kc4 Kf5 48. Kxb4 Kg4 49. Rxc3 a3 50. Kxa3 h5 51. Kb4 h4 52. gxh4 Kxh4 53. a4 Kg5 54. a5 Kf6 55. a6 Ke7 1-0

[Event "Early-Titled-Tuesday-Blitz-April-02-2024"]
[Site "Chess.com"]
[Date "2024.04.02"]
[Round "5"]
[White "sergoy"]
[Black "karinachess1"]
[Result "1-0"]
[WhiteElo "2891"]
[BlackElo "2607"]
[TimeControl "180+1"]
[EndTime "8:56:34 PDT"]
[Termination "sergoy won on time"]

1. d4 Nf6 2. c4 e6 3. Nf3 d5 4. Nc3 Be7 5. Bf4 O-O 6. e3 b6 7. Bd3 c5 8. cxd5 Nxd5 9. Nxd5 exd5 10. Ne5 cxd4 11. exd4 Bb4+ 12. Kf1 Bd6 13. Qh5 f5 14. Qf3 Be6 15. Re1 Qc7 16. h4 Nd7 17. Rc1 Qb7 18. Qg3 Nf6 19. h5 Bxe5 20. Bxe5 Ng4 21. f3 Nxe5 22.
Qxe5 Qf7 23. h6 Rac8 24. Kf2 gxh6 25. Rxc8 Rxc8 26. Rxh6 Re8 27. Rh3 Kf8 28. Rg3 Bd7 29. Qd6+ Re7 30. Rg5 Qe6 31. Qxe6 Bxe6 32. Bxf5 Bf7 33.
Bd3 Rc7 34. Bxh7 Rc1 35. Re5 Ra1 36. a3 Kg7 37. Bd3 Rd1 38. Ke3 Re1+ 39. Kd2 Rg1 40.
Re2 Kf6 41. Ke3 a5 42. Rc2 Re1+ 43. Kf2 Rd1 44. Ke2 Rg1 45. g4 Be8 46. Ke3 Ke6 47. Kf4 Kd6 48. Re2 Ba4 49. Bf5 Bd1 50. Re6+ Kc7 51.
Re7+ Kc6 52. Re6+ Kb7 53. Re3 Kc6 54. g5 Kd6 55. g6 Ba4 56. Bg4 1-0

[Event "Early-Titled-Tuesday-Blitz-April-02-2024"]
[Site "Chess.com"]
[Date "2024.04.02"]
[Round "5"]
[White "Egor_Koshulyan"]
[Black "Art10ECHR"]
[Result "1-0"]
[WhiteElo "2739"]
[BlackElo "2524"]
[TimeControl "180+1"]
[EndTime "8:56:35 PDT"]
[Termination "Egor_Koshulyan won on time"]

1. e4 c5 2. Nf3 e6 3. b3 b6 4.
Bb2 Bb7 5. d3 Nc6 6. g3 Nf6 7. Bg2 Be7 8. O-O O-O 9. Nbd2 d5 10. Re1 Qc7 11. e5 Nd7 12. Nf1 b5 13. h4 a5 14. N1h2 a4 15. Qe2 a3 16. Bc1 Rfc8 17.
Bf4 b4 18. Ng4 Bf8 19. h5 h6 20. Qd2 Qd8 21. Ne3 Nd4 22. Nh2 Nb5 23. g4 Nc3 24.
Nef1 Be7 25. Bg3 Ra7 26. f4 c4 27. f5 Bg5 28. Qf2 cxd3 29. Qxa7 d2 30. Qxb7 dxe1=Q 31.
Rxe1 Rb8 32. Qa7 Nxa2 33. Nf3 Be7 34. Bf2 Nc3 35. fxe6 fxe6 36. Nd4 Bc5 37. Qa6 Ra8 38. Qxe6+ Kh8 39. Bxd5 Nb6 40. Bxa8 Qxa8 41. Nf5 Bxf2+ 42. Kxf2 Nbd5 43. Qf7 Qg8 44. Qxg8+ Kxg8 45. Ra1 Kf7 46.
N1e3 Nf4 47. Nc4 Ke6 48. Nxa3 bxa3 49. Rxa3 Kxe5 50. Nxg7 Ne4+ 51. Ke3 Nd5+ 52. Kd3 Nc5+ 53. Kc4 Ne4 54. Ra5 Nd6+ 55. Kd3 Ne4 56. Nf5 Nf2+ 57. Ke2 Nxg4 58. Ne7 1-0

[Event "Early-Titled-Tuesday-Blitz-April-02-2024"]
[Site "Chess.com"]
[Date "2024.04.02"]
[Round "5"]
[White "Predo63"]
[Black "SAInt_666"]
[Result "1/2-1/2"]
[WhiteElo "2524"]
[BlackElo "2703"]
[TimeControl "180+1"]
[EndTime "8:56:37 PDT"]
[Termination "Game drawn - insufficient material"]

1. d4 d5 2. Bf4 Nf6 3. e3 e6 4. Nd2 Bd6 5. Bg3 O-O 6. Ngf3 c5 7. c3 c4 8. b4 Qc7 9. a4 Nc6 10. Bxd6 Qxd6 11. Be2 e5 12. dxe5 Nxe5 13. Nxe5 Qxe5 14. Qc1 Bg4 15. Nf3 Qe7 16. O-O Rad8 17. Rd1 Rfe8 18. Rd4 Bh5 19. Qb2 Bg6 20. a5 h6 21. Rad1 Be4 22.
h3 g5 23. Nh2 Kg7 24. Qd2 Rc8 25. Bg4 Rc6 26. Be2 Re6 27. Ra1 Re5 28. Qb2 Bg6 29.
Bf3 Ne4 30. Rad1 Rd8 31. Ng4 Re6 32. Rxd5 Rxd5 33. Rxd5 h5 34. Nh2 Rd6 35. Bxe4 Bxe4 36. Rxd6 Qxd6 37. Qc1 Qd3 38. Nf1 Bc6 39. Qd2 Kf6 40. f3 h4 41. Qxd3 cxd3 42. Nd2 Ke5 43. Kf2 f5 44. g3 hxg3+ 45. Kxg3 Bd5 46. f4+ gxf4+ 47. exf4+ Kf6 48. Kf2 Kg6 49. Ke3 Be4 50. Kf2 Kh5 51. Kg3 Bd5 52. c4 Bc6 53. b5 Be8 54. Kf3 Kh4 55. Ke3 Kg3 56. h4 b6 57.
a6 Kxh4 58. Kxd3 Kg3 59. Ke3 Bf7 60. c5 bxc5 61. b6 axb6 62. a7 Bd5 63. Nc4 b5 64. Nb6 Bb7 65. a8=Q Bxa8 66. Nxa8 c4 67. Nb6 c3 68.
Nd5 c2 69. Kd2 Kf3 70. Kxc2 Ke4 71. Nc3+ Kxf4 72. Nxb5 Ke3 73. Kd1 f4 74. Ke1 f3 75.
Kf1 f2 76. Nc3 Kf3 77. Nd1 Kg3 78. Nxf2 1/2-1/2

[Event "Early-Titled-Tuesday-Blitz-April-02-2024"]
[Site "Chess.com"]
[Date "2024.04.02"]
[Round "5"]
[White "David_George21"]
[Black "JoshuaGK27"]
[Result "0-1"]
[WhiteElo "2351"]
[BlackElo "2537"]
[TimeControl "180+1"]
[EndTime "8:56:37 PDT"]
[Termination "JoshuaGK27 won on time"]

1. e4 c5 2. Nf3 d6 3. d4 cxd4 4. Nxd4 Nf6 5. Nc3 a6 6. Bg5 Nbd7 7. f4 Qc7 8. Qf3 h6 9. Bh4 g5 10. fxg5 hxg5 11. Bxg5 Qc5 12. Be3 Ne5 13. Qe2 Neg4 14. Nf5 Nxe3 15. Qxe3 Qb4 16. Qd4 Qxd4 17. Nxd4 Bh6 18. Nd5 Nxd5 19. exd5 Bg7 20. c3 Bg4 21. Bd3 Be5 22. h3 O-O-O 23. Bf5+ Bxf5 24. Nxf5 e6 25. dxe6 fxe6 26. Ne3 Bg3+ 27. Ke2 Rdf8 28. Rhf1 Kd7 29. Rxf8 Rxf8 30. Rf1 Rg8 31. Rf7+ Kc6 32. Kf3 d5 33. Ng4 Bd6 34. h4 e5 35. Ne3 e4+ 36.
Ke2 b5 37. g4 b4 38. h5 bxc3 39. bxc3 Be5 40. h6 Bxc3 41. h7 Rg6 42. Rf8 Rh6 43.
Rc8+ Kd7 44. Rxc3 d4 45. Rb3 Kc8 46. Nf5 Rxh7 47. Nxd4 Rh2+ 48. Ke3 Rxa2 49. Kxe4 Kd7 50. Kf5 Kd6 51. Kg5 Kd5 52. Nf5 a5 53. Kg6 a4 54.
Rb5+ Kc4 55. Ra5 Kb3 56. g5 Rg2 57. Kf6 a3 58. g6 a2 59. g7 Kb2 60. Rb5+ Kc1 61.
Ra5 Kb1 0-1